 Dungeon Crawl Stone Soup version 0.22.0-40-g68aacdc4c8 (webtiles) character file.

2793 Peloso the Carver (level 9, -6/79 HPs)
             Began as a Minotaur Fighter on Sept 2, 2018.
             Was a Priest of Okawaru.
             Mangled by a two-headed ogre
             ... wielding a +0 giant club
              (8 damage)
             ... on level 8 of the Dungeon.
             The game lasted 00:12:37 (6168 turns).

Peloso the Carver (Minotaur Fighter)                Turns: 6168, Time: 00:12:37

Health: -6/79      AC: 15    Str: 23    XL:     9   Next: 43%
Magic:  8/8        EV:  6    Int:  5    God:    Okawaru [***...]
Gold:   389        SH: 11    Dex: 11    Spells: 8/8 levels left

rFire    . . .     SeeInvis .   a - +0 falchion (elec)
rCold    . . .     Gourm    .   c - +0 shield
rNeg     . . .     Faith    .   b - +0 plate armour
rPois    .         Spirit   .   (helmet restricted)
rElec    .         Reflect  .   k - scarf {repulsion}
rCorr    +         Harm     .   m - +0 pair of gloves
MR       .....                  g - +0 pair of boots
Stlth    ..........             (no amulet)
HPRegen  0.23/turn              h - ring of resist corrosion
MPRegen  0.11/turn              (no ring)

@: repel missiles
A: retaliatory headbutt, horns 2
a: Heroism, Renounce Religion


You were on level 8 of the Dungeon.
You worshipped Okawaru.
Okawaru was most pleased with you.
You were hungry.

You visited 2 branches of the dungeon, and saw 9 of its levels.

You collected 389 gold pieces.

Inventory:

Hand Weapons
 a - a +0 falchion of electrocution (weapon)
 r - a +1 falchion of protection
Armour
 b - a +0 plate armour (worn)
 c - a +0 shield (worn)
 g - a +0 pair of boots (worn)
 k - a scarf of repulsion (worn)
 m - a +0 pair of gloves (worn)
Jewellery
 h - a ring of resist corrosion (left hand)
Scrolls
 i - 4 scrolls of amnesia
 l - a scroll of identify
 n - 5 scrolls of teleportation
 v - a scroll of fog
 y - a scroll of magic mapping
Potions
 d - 2 potions of might
 e - a potion of flight
 j - a potion of curing {unknown}
 o - a potion of agility {unknown}
 p - a potion of invisibility {unknown}
 q - a potion of magic {unknown}
 s - a potion of berserk rage {unknown}
 t - 2 potions of resistance {unknown}
 u - 2 potions of degeneration {unknown}
 w - 3 potions of heal wounds
 A - 2 potions of brilliance {unknown}
 C - a potion of lignification {unknown}
Comestibles
 f - 7 rations


   Skills:
 + Level 7.2 Fighting
 + Level 10.8 Long Blades
 + Level 6.9 Armour
 + Level 1.5 Dodging
 + Level 0.2 Stealth
 + Level 8.0 Shields


You had 8 spell levels left.
You didn't know any spells.
Your spell library contained the following spells:

 Spells                   Type           Power        Failure   Level  Hunger
 Magic Dart               Conj           #...         100%        1    ##.....
 Blink                    Tloc           N/A          100%        2    ###....
 Call Imp                 Summ           #.......     100%        2    ###....
 Searing Ray              Conj           #.....       100%        2    ###....
 Slow                     Hex            #.......     100%        2    ###....
 Conjure Flame            Conj/Fire      #.......     100%        3    ####...
 Dazzling Spray           Conj/Hex       #.....       100%        3    ####...
 Mephitic Cloud           Conj/Pois/Air  #.......     100%        3    ####...
 Force Lance              Conj/Tloc      #.......     100%        4    #####..
 Fulminant Prism          Conj/Hex       #.........   100%        4    #####..
 Iskenderun's Mystic Bla  Conj           #.......     100%        4    #####..


Dungeon Overview and Level Annotations

Branches:
Dungeon (8/15)             Temple (1/1) D:5
   Lair: D:8-11

Altars:
Cheibriados
Dithmenos
Gozag
Makhleb
Nemelex Xobeh
Okawaru
Ru
Trog
Uskayaw
Vehumet
Wu Jian
Xom
Zin
The Shining One


Innate Abilities, Weirdness & Mutations

You reflexively headbutt those who attack you in melee.
You have a pair of horns on your head.


Message History

You hit the two-headed ogre but do no damage.
Lightning courses through the two-headed ogre!
Your headbutt misses the two-headed ogre.
The two-headed ogre is moderately wounded.
You barely miss the two-headed ogre.
The two-headed ogre is moderately wounded.
The two-headed ogre hits you with a giant club!
The two-headed ogre barely misses you.
You hit the two-headed ogre.
The two-headed ogre is moderately wounded.
You barely miss the two-headed ogre.
The two-headed ogre is moderately wounded.
The two-headed ogre hits you with a giant club! x2
* * * LOW HITPOINT WARNING * * *
You hit the two-headed ogre but do no damage.
The two-headed ogre is moderately wounded.
The two-headed ogre hits you with a giant club!!
* * * LOW HITPOINT WARNING * * *
The two-headed ogre hits you with a giant club!
You die...

.. #..#
#...#### ######
#...<# #......
####.###...%...
#.@O........
####........
#........
#........
#........
##.......
....%.. .......
.......


You could see a two-headed ogre.

Vanquished Creatures
  Grinder (D:5)
  Eustachio (D:6)
  An ice beast (D:6)
  A black bear (D:7)
  2 orc warriors
  3 ogres
  A necrophage (D:8)
  4 centaurs
  A big kobold (D:5)
  2 bullfrogs (D:7)
  2 howler monkeys
  4 crimson imps
  A jelly (D:5)
  A gnoll shaman (D:5)
  4 orc priests
  5 hounds
  4 orc wizards
  A centaur skeleton (D:6)
  5 iguanas
  4 worker ants
  A hound skeleton (D:4)
  A worker ant zombie (D:7)
  9 adders
  8 gnolls
  2 shadow imps
  An ooze (D:3)
  3 worms
  3 leopard geckos
  15 orcs
  3 ball pythons (D:2)
  11 bats
  4 giant cockroaches
  7 goblins
  11 hobgoblins
  2 jackals (D:1)
  5 quokkas
  3 frilled lizards
  A jackal skeleton (D:4)
  17 kobolds
  9 rats
164 creatures vanquished.

Vanquished Creatures (others)
  8 fungi (D:8)
  2 plants
10 creatures vanquished.

Grand Total: 174 creatures vanquished

Notes
Turn   | Place    | Note
-------+----------+-------------------------------------------
     0 | D:1      | Peloso the Minotaur Fighter began the quest for the Orb.
     0 | D:1      | Reached XP level 1. HP: 19/19 MP: 0/0
   135 | D:1      | Reached XP level 2. HP: 27/27 MP: 1/1
   435 | D:1      | Reached skill level 3 in Long Blades
   445 | D:1      | Reached XP level 3. HP: 34/34 MP: 2/2
  1241 | D:2      | Reached XP level 4. HP: 23/41 MP: 3/3
  1688 | D:2      | Found a glowing silver altar of Zin.
  1691 | D:2      | Found a shadowy altar of Dithmenos.
  1694 | D:2      | Found a snail-covered altar of Cheibriados.
  1777 | D:3      | Found a radiant altar of Vehumet.
  1777 | D:3      | Found a glowing golden altar of the Shining One.
  2196 | D:3      | Found a faded altar of an unknown god.
  2255 | D:3      | Reached skill level 4 in Long Blades
  2265 | D:3      | Reached XP level 5. HP: 28/47 MP: 4/4
  2269 | D:3      | Reached skill level 5 in Fighting
  2453 | D:3      | Reached skill level 5 in Long Blades
  3063 | D:4      | Noticed a hand axe
  3067 | D:4      | Noticed a hand axe
  3071 | D:4      | Found a hide-covered altar of Uskayaw.
  3113 | D:4      | Reached XP level 6. HP: 56/56 MP: 5/5
  3250 | D:4      | Reached skill level 5 in Shields
  3470 | D:4      | Reached skill level 5 in Armour
  3751 | D:4      | Reached XP level 7. HP: 63/63 MP: 6/6
  3822 | D:5      | Entered Level 5 of the Dungeon
  3859 | D:5      | Reached skill level 6 in Long Blades
  3882 | D:5      | Found a staircase to the Ecumenical Temple.
  3910 | Temple   | Entered the Ecumenical Temple
  3935 | Temple   | Became a worshipper of Warmaster Okawaru
  3990 | D:5      | Reached skill level 1 in Dodging
  4027 | D:5      | Reached skill level 7 in Long Blades
  4259 | D:5      | Noticed Grinder
  4310 | D:5      | Paralysed by Grinder for 6 turns
  4320 | D:5      | Killed Grinder
  4320 | D:5      | Reached * piety under Okawaru
  4320 | D:5      | Reached XP level 8. HP: 55/71 MP: 7/7
  4754 | D:6      | Noticed Eustachio
  4769 | D:6      | Killed Eustachio
  4769 | D:6      | Reached skill level 8 in Long Blades
  4793 | D:6      | Reached ** piety under Okawaru
  4801 | D:6      | Found an ornate altar of the Wu Jian Council.
  5145 | D:6      | Reached skill level 9 in Long Blades
  5479 | D:7      | Reached XP level 9. HP: 79/79 MP: 8/8
  5712 | D:7      | Reached *** piety under Okawaru
  5768 | D:7      | Reached skill level 10 in Long Blades
  6145 | D:8      | Noticed a two-headed ogre
  6168 | D:8      | HP: 2/79 [two-headed ogre/giant club (18)]
  6168 | D:8      | Mangled by a two-headed ogre

Skill      XL: |  1  2  3  4  5  6  7  8  9 |
---------------+----------------------------+-----
Fighting       | 4 5 6 7 |  7.2
Long Blades    | 3 4 5 7 9 10 | 10.8
Shields        | 4 5 7 8 |  8.0
Armour         | 4 5 6 |  6.9
Dodging        | 1 |  1.5
Stealth        | |  0.2

Action                   |  1- 3 |  4- 6 |  7- 9 || total
-------------------------+-------+-------+-------++-------
Melee: Long sword        |   125 |    63 |       ||   188
       Headbutt          |    10 |    36 |    59 ||   105
       Falchion          |       |   123 |   276 ||   399
  Use: Potion            |       |       |     1 ||     1
       Scroll            |       |       |     9 ||     9
  Eat: Chunk             |     1 |     7 |     9 ||    17
Armor: Scale mail        |    42 |       |       ||    42
       Plate armour      |    37 |   124 |   147 ||   308
Dodge: Dodged            |    35 |    29 |    54 ||   118
       Deflected         |       |       |     3 ||     3
Block: Shield            |    70 |    82 |   126 ||   278
       Rpst.: Long sword |     9 |     3 |       ||    12
       Falchion          |       |     7 |    19 ||    26
